 Dungeon Crawl Stone Soup version 0.18-a0-1805-g8ab820f (webtiles) character file.

95 M4edhros the Sneak (level 4, -14/28 HPs)
             Began as an Octopode Artificer on Apr 26, 2016.
             Demolished by an ogre
             ... wielding a +0 giant club
              (16 damage)
             ... on level 5 of the Dungeon.
             The game lasted 00:02:36 (2850 turns).

M4edhros the Sneak (Octopode Artificer)             Turns: 2850, Time: 00:02:37

Health: -14/28     AC:  1    Str:  7 (10) XL:     4   Next: 65%
Magic:  6/6        EV: 12    Int: 12 (14) God:
Gold:   57         SH:  0    Dex: 12 (13) Spells: 0 memorised, 3 levels left

rFire  . . .     SeeInvis .     a - +0 short sword
rCold  . . .     Gourm    .     (no shield)
rNeg   . . .     Faith    .     (helmet restricted)
rPois  .         Spirit   .     (no amulet)
rElec  .         Dismiss  .     (no ring)
rCorr  .         Reflect  .     (no ring)
SustAt .         Harm     .     (no ring)
MR     .....                    (no ring)
Stlth  ++++......               (no ring)
                                (no ring)
                                (no ring)
                                (no ring)

@: not resistant to hostile enchantments, stealthy
A: almost no armour, amphibious, 8 rings, constrict 8, camouflage 1, gelatinous
body 1
a: no special abilities


You were on level 5 of the Dungeon.
You were very hungry.

You visited 1 branch of the dungeon, and saw 5 of its levels.

You collected 57 gold pieces.

Inventory:

Hand Weapons
 a - a +0 short sword (weapon)
 b - a +0 hunting sling
Missiles
 e - 21 sling bullets
 n - 23 stones (quivered)
Wands
 c - a wand of enslavement (12/24)
 d - a wand of random effects (13/48)
 t - a wand of flame (15/48)
Scrolls
 g - a scroll of teleportation {unknown}
 i - 2 scrolls of blinking {unknown}
 j - 2 scrolls of fog {unknown}
 l - a scroll of random uselessness {unknown}
 m - a scroll of amnesia {unknown}
 p - a scroll of enchant weapon {unknown}
 q - 2 scrolls of magic mapping {unknown}
 x - a scroll of remove curse {unknown}
 y - 2 scrolls of identify {unknown}
Potions
 v - a potion of cure mutation
 w - a potion of brilliance
Comestibles
 f - a bread ration


   Skills:
 - Level 1.0 Fighting
 - Level 1.0 Short Blades
 + Level 1.6 Slings
 - Level 2.0 Dodging
 + Level 5.5 Stealth
 - Level 3.2 Evocations


You had 3 spell levels left.
You didn't know any spells.

Dungeon Overview and Level Annotations

Branches:
Dungeon (5/15)
 Temple: D:4-7

Altars:
Cheibriados
Trog


Innate Abilities, Weirdness & Mutations

You cannot wear most types of armour.
You are amphibious.
You can wear up to eight rings at the same time.
You can use your tentacles to constrict eight enemies at once.
Your skin changes colour to match your surroundings (Stealth).
Your rubbery body absorbs attacks (AC +1).


Message History

An ogre is nearby!
An ogre is nearby!
You are too injured to fight recklessly!
You are too injured to fight recklessly!
Evoke which item? (* to show all) (? for menu, Esc to quit)
Zapping:
d - a wand of random effects (15/48)
Press: ? - help, Shift-Dir - straight line, f - ogre
Aim: an ogre, wielding a giant club (moderately wounded)
The ogre looks slightly unstable.
This wand has 14 charges left.
The ogre hits you with a giant club!
Ouch! That really hurt!
* * * LOW HITPOINT WARNING * * *
Evoke which item? (* to show all) (? for menu, Esc to quit)
Zapping:
d - a wand of random effects (14/48)
Press: ? - help, Shift-Dir - straight line, f/p - ogre
Aim: an ogre, wielding a giant club (lightly wounded)
The ogre is blasted.
This wand has 13 charges left.
The ogre hits you with a giant club!
Ouch! That really hurt!
You die...

#.........
#.####........
.............#
.............###
................
.............#
....(.....O..#
........?@...#
..#....##########
....###..........#
.. ..###.........#
.............#
..###.........#
#.........#
#.<.......#
###########


You could see an ogre.

Vanquished Creatures
  A gnoll (D:4)
  An adder (D:2)
  2 worms (D:2)
  5 dart slugs
  2 giant geckos
  A ball python (D:2)
  8 bats
  A giant cockroach (D:1)
  7 goblins
  8 hobgoblins
  A quokka (D:2)
  3 giant newts
  A kobold (D:1)
  3 rats
44 creatures vanquished.

Vanquished Creatures (collateral kills)
  3 orcs (D:4)
3 creatures vanquished.

Vanquished Creatures (others)
  An orc wizard (D:4)
1 creature vanquished.

Grand Total: 48 creatures vanquished

Notes
Turn   | Place    | Note
--------------------------------------------------------------
     0 | D:1      | M4edhros the Octopode Artificer began the quest for the Orb.
     0 | D:1      | Reached XP level 1. HP: 13/13 MP: 3/3
   360 | D:1      | Reached skill level 2 in Stealth
   513 | D:1      | Reached skill level 3 in Stealth
   513 | D:1      | Reached XP level 2. HP: 18/18 MP: 4/4
   695 | D:1      | Reached skill level 4 in Stealth
   847 | D:1      | Reached XP level 3. HP: 23/23 MP: 5/5
  1784 | D:2      | Reached skill level 1 in Slings
  2032 | D:2      | Reached skill level 5 in Stealth
  2032 | D:2      | Reached XP level 4. HP: 19/28 MP: 6/6
  2486 | D:4      | Found a snail-covered altar of Cheibriados.
  2582 | D:4      | Found a bloodstained altar of Trog.
  2621 | D:5      | Entered Level 5 of the Dungeon
  2845 | D:5      | Noticed an ogre
  2850 | D:5      | Demolished by an ogre

Vault maps used:
D:1:      dpeg_arrival_lava_altar, due_unseen_surprise
D:3:      ecumenical_altar_2, minmay_snake_closets, uniq_crazy_yiuf_cottage,
          uniq_natasha
D:4:      grunt_temple_overflow_open, nicolae_gozag_seed_capital, serial_curves,
          eino_curves_04, eino_curves_04, uniq_robin
D:5:      minmay_temple_entry_from_below_b, first_bread

Skill      XL: |  1  2  3 |
---------------+----------+-----
Stealth        | 3 4 5 |  5.5
Slings         | 1 |  1.6
Fighting       | |  1.0
Short Blades   | |  1.0
Dodging        | |  2.0
Evocations     | |  3.2

Action                   |  1- 3 |  4- 6 || total
-------------------------+-------+-------++-------
Melee: Short sword       |    77 |    26 ||   103
       Constrict         |    18 |     4 ||    22
       Tentacles         |     9 |     3 ||    12
 Fire: Hunting sling     |    22 |       ||    22
Evoke: Wand              |       |     5 ||     5
  Use: Potion            |       |     8 ||     8
 Stab: Sleeping          |    13 |     3 ||    16
       Distracted        |     1 |       ||     1
  Eat: Chunk             |     3 |       ||     3
       Royal jelly       |       |     1 ||     1
Armor: Skin              |     7 |     1 ||     8
Dodge: Dodged            |    48 |    18 ||    66
